 Dungeon Crawl Stone Soup version 0.24.0-13-gcf9b3192b9 (webtiles) character file.

Game seed: 18006944471514917658, levelgen mode: classic

349 EnegeticOcto the Chopper (level 6, -1/84 HPs)
             Began as a Hill Orc Fighter on Nov 6, 2019.
             Slain by a frilled lizard (2 damage)
             ... in a sewer.
             The game lasted 00:03:23 (2654 turns).

EnegeticOcto the Chopper (Hill Orc Fighter)         Turns: 2654, Time: 00:03:24

Health: -1/84      AC:  9    Str: 24 (26) XL:     6   Next: 60%
Magic:  6/6        EV:  3    Int:  6 (8)  God:
Gold:   122        SH: 10    Dex: 14      Spells: 5/5 levels left

rFire    x . .     SeeInvis .   s - +2 whip (elec)
rCold    + . .     Gourm    +   c - +0 shield
rNeg     . . .     Faith    .   m - +0 chain mail
rPois    .         Spirit   .   (no helmet)
rElec    .         Reflect  .   q - scarf {repulsion}
rCorr    .         Harm     .   (no gloves)
MR       .....                  (no boots)
Stlth    ..........             o - amulet of the gourmand
HPRegen  0.24/turn              f - +4 ring of dexterity
MPRegen  0.10/turn              p - ring of ice (curse)

@: mighty, berserking (expiring), lethally poisoned (-1 -> -2), flying,
constricted, repel missiles, very quick
A: no striking features
a: no special abilities


You were in a sewer.
You were very full.

You visited 1 branch of the dungeon, and saw 3 of its levels.
You also visited: Sewer.

You collected 122 gold pieces.

Inventory:

Hand Weapons
 a - a +0 war axe
 s - a +2 whip of electrocution (weapon)
Armour
 b - a +0 scale mail
 c - a +0 shield (worn)
 m - a +0 chain mail (worn)
 q - a scarf of repulsion (worn)
Jewellery
 f - a +4 ring of dexterity (left hand)
 o - an amulet of the gourmand (around neck)
 p - a cursed ring of ice (right hand)
Scrolls
 h - 3 scrolls of identify {@r1}
 i - 2 scrolls of immolation {unknown}
 n - 3 scrolls of fog {unknown}
 r - a scroll of magic mapping {@r5 !r}
Potions
 d - a potion of might {@q3 !q}
 g - a potion of brilliance {unknown}
 k - a potion of mutation
 t - a potion of magic {unknown}
 v - a potion of haste {unknown}
Comestibles
 e - 2 rations


   Skills:
 + Level 5.0 Fighting
 * Level 6.0 Axes
 + Level 4.5 Armour
 + Level 4.5 Shields


You had 5 spell levels left.
You didn't know any spells.
Your spell library was empty.

Dungeon Overview and Level Annotations

Branches:
Dungeon (3/15)              Sewer (1/1)

Altars:


Message History

* * * LOW HITPOINT WARNING * * *
You block the frilled lizard's attack.
The bullfrog hits you but does no damage.
The adder barely misses you. x2; The frilled lizard barely misses you.
The bullfrog completely misses you.
It was a potion of flight.
You feel very buoyant.
You fly up into the air.
You block the bullfrog's attack. You block the adder's attack.
The bullfrog barely misses you. The adder bites you.
* * * LOW HITPOINT WARNING * * *
The frilled lizard bites you but does no damage.
You block the frilled lizard's attack. The bullfrog hits you.
* * * LOW HITPOINT WARNING * * *
The adder bites you but does no damage.
It was a potion of berserk rage.
A red film seems to cover your vision as you go berserk!
You feel yourself moving faster!
You feel mighty! You block the bullfrog's attack.
The adder completely misses you.
The frilled lizard bites you but does no damage.
You block the bullfrog's attack. The frilled lizard bites you.
* * * LOW HITPOINT WARNING * * *
The bullfrog hits you.
* * * LOW HITPOINT WARNING * * *
The adder bites you but does no damage. x2
You hit the adder. Lightning courses through the adder!
You kill the adder!
You feel your strength returning. The bullfrog hits you.
* * * LOW HITPOINT WARNING * * *
The frilled lizard bites you but does no damage.
The bullfrog hits you but does no damage.
You block the frilled lizard's attack. You block the ball python's attack.
The ball python grabs you. The ball python constricts you. The adder bites you.
* * * LOW HITPOINT WARNING * * *
You are lethally poisoned!
The adder poisons you!
Your shield and chain mail prevent you from hitting the bullfrog.
* * * LOW HITPOINT WARNING * * *
You feel sick.
The bullfrog hits you but does no damage.
You block the bullfrog's attack.
The frilled lizard bites you but does no damage.
The ball python bites you.
* * * LOW HITPOINT WARNING * * *
The ball python constricts you. You block the adder's attack.
The frilled lizard bites you but does no damage.
You block the bullfrog's attack.
You closely miss the bullfrog. You block the bullfrog's attack.
The frilled lizard bites you but does no damage.
The ball python bites you but does no damage.
The ball python constricts you. You block the adder's attack.
The bullfrog hits you but does no damage.
You whack the bullfrog!
Lightning courses through the bullfrog!!
You kill the bullfrog!
You feel your dexterity returning.
You have reached level 6!
Your experience leads to an increase in your attributes!
Your base attributes are Str 20, Int 8, Dex 10.
Increase (S)trength, (I)ntelligence, or (D)exterity?
You feel stronger.
* * * LOW HITPOINT WARNING * * *
You feel sick.
The bullfrog hits you but does no damage.
You block the frilled lizard's attack.
You closely miss the bullfrog. You block the adder's attack.
The ball python bites you but does no damage.
The ball python constricts you.
The bullfrog hits you but does no damage.
The frilled lizard bites you but does no damage.
The frilled lizard bites you.
* * * LOW HITPOINT WARNING * * *
You miss the bullfrog. The adder bites you but does no damage.
The bullfrog barely misses you.
The ball python bites you but does no damage.
The ball python constricts you.
The frilled lizard bites you but does no damage.
You whack the bullfrog!
The bullfrog is heavily wounded.
* * * LOW HITPOINT WARNING * * *
You feel sick. You block the bullfrog's attack.
The adder bites you but does no damage. You block the frilled lizard's attack.
The ball python completely misses you. The ball python constricts you.
The frilled lizard bites you but does no damage.
You whack the bullfrog!
You kill the bullfrog!
You feel your intelligence returning.
Your Fighting skill increases to level 5!
Your Axes skill increases to level 6!
You block the adder's attack. The ball python barely misses you.
The ball python constricts you. The frilled lizard barely misses you.
You block the ball python's attack.
You barely miss the adder.
* * * LOW HITPOINT WARNING * * *
You feel sick. You block the adder's attack.
The frilled lizard barely misses you.
The ball python bites you but does no damage.
The ball python constricts you. The frilled lizard bites you.
You die...

#≈≈≈≈≈≈#####
#≈≈≈≈≈
#≈≈≈≈≈≈#
#≈≈≈÷≈
#≈≈≈≈≈≈#
#≈≈≈≈≈
#≈≈≈≈≈≈#
#≈≈≈≈≈
#≈≈≈≈≈≈#
#≈÷≈≈≈
#≈≈≈≈≈≈#
#≈....
#≈≈≈≈≈≈#
#≈≈.[≈
#≈lS≈≈≈#
#≈.≈≈≈
#S@l≈≈≈#
#≈≈≈≈≈
#≈S#≈≈≈#
#≈≈≈≈≈
#≈#≈≈≈≈#
#≈≈≈≈≈ #≈
≈≈≈≈# #≈≈≈≈≈
#≈ ≈≈≈≈#
#≈≈≈≈≈ #≈
≈≈≈≈# #≈≈≈≈≈
#≈ ≈#≈≈#
#≈≈≈≈≈ #.
..≈## #.≈.≈.
#. ....
#.....


You could see an adder, 2 ball pythons and 2 frilled lizards.

Vanquished Creatures
  2 bullfrogs (Sewer)
  Natasha (D:3)
  6 adders
  4 river rats (Sewer)
  A worm (D:2)
  3 dart slugs (D:1)
  7 leopard geckos
  An orc (D:3)
  8 bats
  8 giant cockroaches
  7 goblins
  4 hobgoblins
  10 ball pythons
  5 frilled lizards
  4 kobolds
  29 rats
100 creatures vanquished.

Notes
Turn   | Place    | Note
-------+----------+-------------------------------------------
     0 | D:1      | EnegeticOcto the Hill Orc Fighter began the quest for the
                  | Orb.
     0 | D:1      | Reached XP level 1. HP: 19/19 MP: 1/1
   188 | D:1      | Reached skill level 3 in Axes
   259 | D:1      | Reached XP level 2. HP: 27/27 MP: 2/2
   495 | D:1      | Reached XP level 3. HP: 33/33 MP: 3/3
  1567 | D:3      | Reached skill level 4 in Axes
  1570 | D:3      | Noticed Natasha
  1585 | D:3      | Killed Natasha
  1585 | D:3      | Reached XP level 4. HP: 21/40 MP: 4/4
  1855 | D:3      | Found a glowing drain.
  1885 | Sewer    | Entered a sewer
  2023 | Sewer    | Reached XP level 5. HP: 43/47 MP: 5/5
  2151 | Sewer    | Reached skill level 5 in Axes
  2647 | Sewer    | HP: 3/70 [ball python (1)]
  2649 | Sewer    | Reached XP level 6. HP: 4/55 MP: 6/6
  2652 | Sewer    | HP: 2/82 [poisoned by an adder]
  2653 | Sewer    | Reached skill level 5 in Fighting
  2653 | Sewer    | Reached skill level 6 in Axes
  2654 | Sewer    | Slain by a frilled lizard

Levels and vault maps discovered:
D:1:      lightli_arrival_farm, layout_basic
D:2:      layout_basic
D:3:      layout_basic, bloody_trog, nemelex_altar_shiori,
          nicolae_overflow_hidden_temple, gup_sewer_entry_pipe, uniq_natasha,
          uniq_ijyb
Sewer:    sewer_minmay_w

Skill      XL: |  1  2  3  4  5  6 |
---------------+-------------------+-----
Axes           | 3 4 5 6 |  6.0
Fighting       | 4 5 |  5.0
Shields        | 4 |  4.5
Armour         | 4 |  4.5

Action                   |  1- 3 |  4- 6 || total
-------------------------+-------+-------++-------
Melee: War axe           |   131 |    13 ||   144
       Whip              |       |   181 ||   181
  Use: Scroll            |       |     2 ||     2
       Potion            |       |     7 ||     7
 Stab: Invisible         |       |     1 ||     1
  Eat: Chunk             |     5 |    11 ||    16
Armor: Scale mail        |    67 |       ||    67
       Chain mail        |    29 |   148 ||   177
Dodge: Dodged            |    39 |    58 ||    97
Block: Shield            |    83 |   137 ||   220
